 Dungeon Crawl Stone Soup version 0.29.1-4-g47bece8355 (webtiles) character file.

Game seed: 10266638376171611570

572 IcyTea the Firebug (level 7, -3/57 HPs)
             Began as a White Draconian Cinder Acolyte on Dec 9, 2022.
             Was a High Priest of Ignis.
             Succumbed to GorkyZ's ghost's poison
             ... on level 3 of the Dungeon.
             The game lasted 00:17:52 (4590 turns).

IcyTea the Firebug (White Draconian Cinder Acolyte) Turns: 4590, Time: 00:17:53

Health: -3/57      AC: 16    Str: 16    XL:     7   Next: 12%
Magic:  6/11       EV: 11    Int: 16    God:    Ignis [*****.]
Gold:   240        SH:  0    Dex:  7    Spells: 5/12 levels left

rFire   + . .      SeeInvis .   a - +0 mace (venom)
rCold   + . .      Faith    .   (no shield)
rNeg    . . .      Spirit   .   (body armour unavailable)
rPois   .          Reflect  .   (helmet restricted)
rElec   .          Harm     .   e - +0 cloak
rCorr   .          Rampage  .   o - +1 pair of gloves
Will    .....                   (no boots)
Stlth   +.........              (no amulet)
HPRegen 0.19/turn               (no ring)
MPRegen 0.12/turn               (no ring)

@: lethally poisoned (-3 -> -31), fiery-armoured
A: breathe frost, AC +6, unfitting armour, cold resistance 1, cold-blooded
a: Breathe Frost, Renounce Religion, Fiery Armour, Foxfire Swarm, Rising Flame


You were on level 3 of the Dungeon.
You worshipped Ignis.
Ignis was extremely pleased with you.
You visited 1 branch of the dungeon, and saw 3 of its levels.

You collected 240 gold pieces.

Inventory:

Hand Weapons
 a - a +0 mace of venom (weapon)
 k - a +2 dagger of holy wrath
 l - a +5 dagger of speed
Missiles
 d - 5 poisoned darts
Armour
 e - a +0 cloak (worn)
 o - a +1 pair of gloves (worn)
Scrolls
 c - a scroll of torment
 g - a scroll of teleportation
 h - a scroll of poison
 m - 2 scrolls of enchant weapon
 n - a scroll of identify
Potions
 f - 2 potions of attraction


   Skills:
 - Level 3.2 Fighting
 - Level 3.6 Maces & Flails
 - Level 3.0 Spellcasting
 - Level 2.1 Conjurations
 + Level 3.8 Necromancy
 - Level 4.3 Fire Magic


You had 5 spell levels left.
You knew the following spells:

 Your Spells              Type           Power      Damage    Failure   Level
a - Scorch                Fire           32%        2d7       4%          2
b - Searing Ray           Conj           18%        2d5       12%         2
c - Vampiric Draining     Necr           14%        2d7       12%         3

Your spell library contained the following spells:

 Spells                   Type           Power      Damage    Failure   Level
 Magic Dart               Conj           36%        1d4       8%          1
 Slow                     Hex            8%         N/A       19%         1
 Confusing Touch          Hex            2%         N/A       50%         3
 Fulminant Prism          Conj/Hex       2%         3d6       75%         4


Dungeon Overview and Level Annotations

Branches:
Dungeon (3/15)

Altars:

Shops:
D:3 =

Annotations:
D:3 GorkyZ's ghost, amateur GrGl


Innate Abilities, Weirdness & Mutations

You can breathe waves of freezing cold which knock back foes.
Your icy white scales are hard. (AC +6)
You cannot fit into any form of body armour.
Your flesh is cold resistant. (rC+)
You are cold-blooded and may be slowed by cold attacks.


Message History

The orc is burned by your cloak of flames.
The orc is heavily wounded.
You barely miss the orc.
The orc is heavily wounded.
You feel very sick.
GorkyZ's ghost hits you but does no damage.
You are more poisoned.
GorkyZ's ghost is burned by your cloak of flames.
GorkyZ's ghost is moderately damaged.
The orc barely misses you. x2
You hit the orc.
You kill the orc!
You feel extremely sick.
GorkyZ's ghost hits you but does no damage.
You are lethally poisoned!
GorkyZ's ghost is burned by your cloak of flames.
GorkyZ's ghost is heavily damaged.
The orc barely misses you. GorkyZ's ghost closely misses you.
The orc hits you but does no damage.
The orc is burned by your cloak of flames.
You kill the orc!
Okay, then.
You hit the orc but do no damage.
The orc is poisoned.
You feel extremely sick. GorkyZ's ghost hits you.
* * * LOW HITPOINT WARNING * * *
You are more poisoned.
GorkyZ's ghost is burned by your cloak of flames.
GorkyZ's ghost is severely damaged.
Your magical contamination has completely faded away.
You closely miss GorkyZ's ghost.
GorkyZ's ghost is severely damaged.
* * * LOW HITPOINT WARNING * * *
You feel extremely sick. GorkyZ's ghost closely misses you.
The orc hits you but does no damage.
The orc is burned by your cloak of flames.
The orc is heavily wounded.
You hit GorkyZ's ghost but do no damage.
GorkyZ's ghost is severely damaged.
You die...

#...## #.#.##.##.#.#
#§§8#########....#.#
#§§§#..§..8*######.#
#○§§#.☼##.,#######.#
#§§§#.§#8.,#.......#
#§☼§#§§##o,#########
#§§§#☼#....#........
#§§oo.#...[#.....###
#§§@§.#o8[_#.###.# #
##§)W☼#...[#.# #.# #
#§☼#o#..,$#.###.# #
#§§#§§#*,,#..<#.# #
#§☼#.§#8.,#####.###
#☼§#.§##.,* #....
#○☼#..☼.,8* #####
#○8######** # #### #


You could see an orc priest, GorkyZ's ghost and 3 orcs.

Vanquished Creatures
  An ogre (D:3)
  2 howler monkeys (D:3)
  An orc wizard (D:3)
  Natasha (D:2)
  6 adders
  16 gnolls (D:3)
  A worm (D:2)
  3 dart slugs
  24 orcs (D:3)
  6 endoplasms
  3 giant cockroaches
  5 hobgoblins
  12 jackals (D:3)
  9 kobolds
  3 quokkas
  3 ball pythons
  6 bats
  4 frilled lizards
  2 goblins
  8 rats
116 creatures vanquished.

Vanquished Creatures (collateral kills)
  Natasha (D:2)
1 creature vanquished.

Vanquished Creatures (others)
  2 fungi
  2 plants (D:3)
4 creatures vanquished.

Grand Total: 121 creatures vanquished

Notes
Turn   | Place    | Note
-------+----------+-------------------------------------------
     0 | D:1      | IcyTea the Draconian Cinder Acolyte began the quest for the
                  | Orb.
     0 | D:1      | Reached XP level 1. HP: 19/19 MP: 2/2
   396 | D:1      | Reached XP level 2. HP: 20/26 MP: 3/3
   399 | D:1      | Learned a level 2 spell: Scorch
   823 | D:1      | Reached XP level 3. HP: 29/31 MP: 4/4
   860 | D:1      | Found a faded altar of an unknown god.
  1513 | D:2      | Reached skill level 4 in Fire Magic
  1559 | D:2      | Noticed Natasha
  1577 | D:2      | Killed Natasha
  1578 | D:2      | Reached XP level 4. HP: 5/38 MP: 2/5
  2121 | D:2      | Noticed Natasha
  2129 | D:2      | Killed Natasha
  2130 | D:2      | Reached skill level 5 in Fire Magic
  2578 | D:3      | Learned a level 2 spell: Searing Ray
  2605 | D:3      | Reached XP level 5. HP: 45/45 MP: 6/6
  2734 | D:3      | Reached skill level 1 in Conjurations
  3005 | D:3      | Reached XP level 6. HP: 32/51 MP: 1/9
  3421 | D:3      | Learned a level 3 spell: Vampiric Draining
  3998 | D:3      | Your scales start taking on an icy white colour.
  3998 | D:3      | Reduced skill Fire Magic to level 4
  3998 | D:3      | Reached XP level 7. HP: 55/57 MP: 11/11
  3998 | D:3      | Gained mutation: Your flesh is cold resistant. (rC+) [White
                  | Draconian growth]
  4246 | D:3      | Found Ifaot's Jewellery Boutique.
  4565 | D:3      | Found a runed translucent gate.
  4568 | D:3      | Found a runed translucent gate.
  4569 | D:3      | Found a runed translucent gate.
  4569 | D:3      | Noticed GorkyZ's ghost (amateur GrGl)
  4570 | D:3      | Identified the +12 hand axe of Blood {spect, Str-2 Int+2
                  | SInv}
  4590 | D:3      | Succumbed to GorkyZ's ghost's poison

Illustrated notes

Levels and vault maps discovered:
D:1:      amcnicky_arrival_flooded_fountain, layout_basic,
          shapermc_ecumenical_altar_acropolis, st_stairs_8
D:2:      layout_loops_ring, chequers_serial_rivers_room_a, uniq_natasha
D:3:      lemuel_castle_with_subvaults [lemuel_castle_interior_carwin_3],
          layout_basic, biasface_ghost_orc_armoury, serial_shops, shop,
          wad_floor_pattern_1

Skill      XL: |  1  2  3  4  5  6 |
---------------+-------------------+-----
Fire Magic     | 4 5 4 |  4.3
Conjurations   | 2 |  2.1
Spellcasting   | 2 3 |  3.0
Necromancy     | 3 |  3.8
Fighting       | |  3.2
Maces & Flails | |  3.6

Action                   |  1- 3 |  4- 6 |  7- 9 || total
-------------------------+-------+-------+-------++-------
Melee: Mace              |    74 |   136 |    29 ||   239
       Tailslap          |     5 |    19 |     3 ||    27
       Punch             |       |     2 |     2 ||     4
 Cast: Scorch            |    13 |    45 |       ||    58
       Searing Ray       |       |     1 |       ||     1
       Vampiric Draining |       |       |     1 ||     1
Invok: Fiery Armour      |       |       |     1 ||     1
  Use: Scroll            |     3 |     5 |     4 ||    12
       Potion            |       |     3 |       ||     3
Armor: Skin              |    18 |    65 |    22 ||   105
Dodge: Dodged            |    56 |   135 |    24 ||   215
